 Dungeon Crawl Stone Soup version 0.30-a0-1053-gbd8d5ba0ad (webtiles) character file.

Game seed: 13974867671700985417

1374 vineage the Fighter (level 8, -3/57 HPs)
             Began as a Gargoyle Fighter on Apr 11, 2023.
             Was a Believer of Okawaru.
             Slain by a troll (6 damage)
             ... on level 6 of the Dungeon.
             The game lasted 00:06:24 (4599 turns).

vineage the Fighter (Gargoyle Fighter)              Turns: 4599, Time: 00:06:24

Health: -3/57      AC: 18    Str: 22    XL:     8   Next: 66%
Magic:  10/12      EV: 14    Int: 11    God:    Okawaru [**....]
Gold:   131        SH:  5    Dex:  7    Spells: 7/7 levels left

rFire   . . .      SeeInvis .    w - +4 long sword "Ogegysseilu" {holy, rPois Int+2 Dex-2}
rCold   + . .      Faith    .    c - +0 buckler
rNeg    + . .      Spirit   .    k - +0 chain mail
rPois   ∞          Reflect  .    (no helmet)
rElec   +          Rampage  .    (no cloak)
rCorr   .                        (no gloves)
Will    .....                    f - +1 pair of boots
Stlth   +                        i - amulet of regeneration
HPRegen 1.09/turn                g - ring of Stoicism {rC+ EV+5 Stlth+}
MPRegen 0.13/turn                (no ring)

@: heroic
A: sickness immunity, AC +5, negative energy resistance 1, electricity
resistance, torment resistance 1, petrification resistance
a: Renounce Religion, Heroism


You were on level 6 of the Dungeon.
You worshipped Okawaru.
Okawaru was pleased with you.
You visited 1 branch of the dungeon, and saw 6 of its levels.
You also visited: Ossuary.

You collected 923 gold pieces.
You spent 792 gold pieces at shops.

Inventory:

Hand Weapons
 a - a +1 heavy flail
 j - a +0 morningstar
 w - the +4 long sword "Ogegysseilu" (weapon) {holy, rPois Int+2 Dex-2}
   (You found it on level 5 of the Dungeon)

   Int:       It affects your intelligence (+2).
   Dex:       It affects your dexterity (-2).
   rPois:     It protects you from poison.
Armour
 c - a +0 buckler (worn)
 f - a +1 pair of boots (worn)
 k - a +0 chain mail (worn)
Jewellery
 g - the ring of Stoicism (left hand) {rC+ EV+5 Stlth+}
   (You bought it in a shop on level 6 of the Dungeon)

   [ring of evasion]

   EV:        It affects your evasion (+5).
   rC:        It protects you from cold.
   Stlth:     It makes you more stealthy.
 i - an amulet of regeneration (around neck)
 s - a ring of fire
 x - a +6 ring of intelligence
Wands
 o - a wand of mindburst (3)
 u - a wand of iceblast (8)
Scrolls
 b - 3 scrolls of teleportation
 h - 2 scrolls of enchant weapon
 n - 2 scrolls of poison
 y - a scroll of fog
Potions
 d - a potion of might
 e - 2 potions of brilliance
 l - 2 potions of lignification {unknown}
 m - 4 potions of flight
 q - a potion of mutation {unknown}
 r - 2 potions of heal wounds
 t - a potion of berserk rage {unknown}
 v - 4 potions of haste
 z - 2 potions of curing
 C - a potion of degeneration {unknown}


   Skills:
 + Level 9.8(14.8) Fighting
 - Level 2.0(7.0) Maces & Flails
 - Level 3.2(8.2) Armour
 - Level 3.2(8.2) Shields
 - Level 6.3 Invocations


You had 7 spell levels left.
You didn't know any spells.
Your spell library contained the following spells:

 Spells                   Type           Power      Damage    Failure   Level
 Apportation              Tloc           0%         N/A       93%         1
 Foxfire                  Conj/Fire      0%         2x1d4     93%         1
 Necrotise                Necr           0%         1d4       93%         1
 Shock                    Conj/Air       0%         1d3       93%         1
 Scorch                   Fire           0%         2d5       98%         2
 Swiftness                Air            0%         N/A       100%        3
 Airstrike                Air            0%         2d(0-16)  100%        4
 Flame Wave               Conj/Fire      0%         2d4       100%        4
 Fireball                 Conj/Fire      0%         3d3       100%        5
 Plasma Beam              Fire/Air       0%         2x1d11    100%        6
 Starburst                Conj/Fire      0%         6d3       100%        6
 Summon Small Mammal      Summ           Unusable   N/A       N/A         1
 Summon Cactus Giant      Summ           Unusable   N/A       N/A         6

Dungeon Overview and Level Annotations

Branches:
Dungeon (6/15)             Temple (0/1) D:4         Ossuary (visited)

Altars:
Okawaru
Wu Jian

Shops:
D:6 =


Innate Abilities, Weirdness & Mutations

You are immune to sickness and miasma.
Your stone body is resilient. (AC +5)
You are immune to poison.
You resist negative energy. (rN+)
You are resistant to electric shocks. (rElec)
You are resistant to unholy torment.
You are immune to petrification.


Message History

You are too injured to fight recklessly!
You hit the troll.
The troll is lightly wounded.
The troll bites you but does no damage. The troll claws you!
The troll closely misses you. The troll bites you!
* * * LOW HITPOINT WARNING * * *
You block the troll's attack. The troll closely misses you.
You hit the troll.
The troll is lightly wounded.
The troll bites you.
* * * LOW HITPOINT WARNING * * *
You block the troll's attack. The troll claws you but does no damage.
You slash the troll!
The troll is moderately wounded.
The troll bites you but does no damage. The troll claws you.
* * * LOW HITPOINT WARNING * * *
The troll barely misses you. You block the troll's attack.
The troll claws you but does no damage. The troll misses you.
You feel much better. The troll bites you but does no damage.
The troll claws you.
* * * LOW HITPOINT WARNING * * *
The troll completely misses you.
You hit the troll but do no damage.
The troll is lightly wounded.
The troll misses you. The troll claws you but does no damage.
The troll claws you.
* * * LOW HITPOINT WARNING * * *
You slash the troll!
The troll is heavily wounded.
The troll closely misses you.
The troll claws you but does no damage. x2
The troll bites you but does no damage.
The troll claws you but does no damage. x2
You slash the troll!
The troll is heavily wounded.
You block the troll's attack. The troll barely misses you.
The troll claws you but does no damage.
You gain the combat prowess of a mighty hero.
The troll bites you but does no damage. The troll claws you!
* * * LOW HITPOINT WARNING * * *
The troll claws you.
You die...

#.........##.#
#####...####.#
##.#.###.#
##.#.##..
##.#.###
##.#.##
##.#.##
##.#.## ##.#@#
##.#T# ##.#.#
##.#.# #.#.#
#.## (## ##


You could see a troll.

Vanquished Creatures
  Sigmund (D:6)
  An ice beast (D:5)
  2 phantoms (D:5)
  2 centaurs (D:5)
  4 scorpions
  A howler monkey (D:5)
  2 orc priests (D:5)
  2 jellies
  2 iguanas
  3 mummies (Ossuary)
  5 gnolls
  10 adders
  A white imp (D:6)
  An ufetubus (D:6)
  6 adder zombies (Ossuary)
  A worm (D:4)
  6 dart slugs
  13 orcs
  5 endoplasms
  7 giant cockroaches
  10 goblins
  5 hobgoblins
  7 jackals
  5 kobolds
  3 quokkas (D:1)
  11 ball pythons
  9 bats
  3 frilled lizards
  2 goblin zombies (Ossuary)
  3 hobgoblin zombies (Ossuary)
  4 kobold zombies (Ossuary)
  A quokka zombie (Ossuary)
  5 rats
  2 rat zombies (Ossuary)
145 creatures vanquished.

Vanquished Creatures (others)
  3 plants (D:5)
3 creatures vanquished.

Grand Total: 148 creatures vanquished

Notes
Turn   | Place    | Note
-------+----------+-------------------------------------------
     0 | D:1      | vineage the Gargoyle Fighter began the quest for the Orb.
     0 | D:1      | Reached XP level 1. HP: 14/14 MP: 1/1
    43 | D:1      | Reached skill level 4 in Fighting
    43 | D:1      | Reached XP level 2. HP: 20/20 MP: 2/2
   181 | D:1      | Reached XP level 3. HP: 24/24 MP: 3/3
   673 | D:1      | Reached skill level 5 in Fighting
   790 | D:2      | Reached XP level 4. HP: 31/31 MP: 4/4
  1850 | D:3      | Found an iron altar of Okawaru.
  1862 | D:3      | Reached skill level 6 in Fighting
  1873 | D:3      | Became a worshipper of Warmaster Okawaru
  1941 | D:3      | Reached XP level 5. HP: 36/36 MP: 5/5
  2002 | D:3      | Found a faded altar of an unknown god.
  2490 | D:4      | Reached skill level 1 in Invocations
  2512 | D:4      | Reached XP level 6. HP: 41/42 MP: 7/7
  2658 | D:4      | Found an ornate altar of the Wu Jian Council.
  2878 | D:4      | Reached * piety under Okawaru
  2879 | D:4      | Reached skill level 7 in Fighting
  3049 | D:4      | Found a staircase to the Ecumenical Temple.
  3095 | D:5      | Entered Level 5 of the Dungeon
  3116 | D:5      | Reached XP level 7. HP: 41/48 MP: 9/9
  3351 | D:5      | Reached skill level 8 in Fighting
  3351 | D:5      | Reached skill level 5 in Invocations
  3380 | D:5      | Reached ** piety under Okawaru
  3381 | D:5      | Reached XP level 8. HP: 49/55 MP: 10/12
  3515 | D:5      | Identified the +4 long sword "Ogegysseilu" {holy, rPois
                  | Int+2 Dex-2}
  4040 | D:6      | Found a sand-covered staircase.
  4048 | Ossuary  | Entered an ossuary
  4061 | Ossuary  | Reached skill level 9 in Fighting
  4292 | D:6      | Identified a scroll of acquirement
  4292 | D:6      | Acquired 733 gold pieces
  4327 | D:6      | Noticed a two-headed ogre
  4540 | D:6      | Noticed Sigmund
  4540 | D:6      | Found Ugutrywk's Jewellery Boutique.
  4553 | D:6      | Killed Sigmund
  4558 | D:6      | Bought the ring of Stoicism {rC+ EV+5 Stlth+} for 792 gold
                  | pieces
  4586 | D:6      | Noticed a troll
  4594 | D:6      | HP: 1/57 [troll (5)]
  4599 | D:6      | Slain by a troll

Illustrated notes

Levels and vault maps discovered:
D:1:      dpeg_arrival_stonehenge_8_columns, layout_basic
D:2:      minmay_general_purpose_star, layout_loops_corners,
          kennysheep_generic_room_4
D:3:      layout_loops_ring, okawaru_metal_pillars_1_2,
          shapermc_ecumenical_altar_gd, minmay_misc_feat_enclosed
D:4:      layout_basic, nicolae_overflow_hidden_temple,
          minmay_temple_entry_fiery
D:5:      layout_basic, minmay_misc_feat_more_columns, serial_bayou_pond_c
D:6:      minmay_inner_zag, layout_basic, nicolae_ossuary_entry_ruins,
          serial_shops, nicolae_stop_n_shop_1, uniq_sigmund, uniq_maggie

Skill      XL: |  1  2  3  4  5  6  7  8 |
---------------+-------------------------+-----
Fighting       | 4 5 6 7 8 9 |  9.8
Invocations    | 2 3 5 6 |  6.3
Maces & Flails | |  2.0
Armour         | |  3.2
Shields        | |  3.2

Action                     |  1- 3 |  4- 6 |  7- 9 || total
---------------------------+-------+-------+-------++-------
  Melee: Flail             |   114 |    58 |       ||   172
         Morningstar       |       |   169 |    97 ||   266
         Long sword        |       |       |    85 ||    85
 Invoke: Heroism           |       |       |     3 ||     3
    Use: Scroll            |       |     4 |    10 ||    14
         Potion            |       |       |     4 ||     4
 Armour: Scale mail        |    81 |    10 |       ||    91
         Chain mail        |       |   161 |   219 ||   380
  Dodge: Dodged            |    64 |   109 |   110 ||   283
  Block: Buckler           |    25 |    65 |    50 ||   140

Table legend: (Time is in decaauts)
 A = Elapsed time spent in this place.
 B = Non-inter-level travel time spent in this place.
 C = Inter-level travel time spent in this place.
 D = Time resting spent in this place.
 E = Time spent auto-exploring this place.
 F = Levels seen in this place.
 G = Mean time per level.
                   A        B        C        D        E       F      G
               +--------+--------+--------+--------+--------+-----+--------+
         Total |   4807 |   4359 |    448 |    142 |   2974 |   7 |  686.7 |
       Dungeon |   4568 |   4120 |    448 |    142 |   2841 |   6 |  761.3 |
       Ossuary |    239 |    239 |      0 |      0 |    133 |   1 |  239.0 |
               +--------+--------+--------+--------+--------+-----+--------+

Top non-repeatable levels by time:
     D:5: 1129 daAuts
     D:2: 1077 daAuts
     D:1: 820 daAuts
     D:4: 766 daAuts
     D:3: 609 daAuts
 Ossuary: 239 daAuts
     D:6: 164 daAuts
